 Dungeon Crawl Stone Soup version 0.29.1-13-g9f3cf754e1 (webtiles) character file.

Game seed: 12694487089212849225

65 cheesebisquit the Digger (level 4, 24/24 HPs)
             Began as a Gargoyle Earth Elementalist on Jan 24, 2023.
             Quit the game on level 3 of the Dungeon.
             The game lasted 00:05:33 (1740 turns).

cheesebisquit the Digger (GrEE)                     Turns: 1740, Time: 00:05:34

Health: 24/24      AC:  5    Str: 12    XL:     4   Next: 14%
Magic:  7/7        EV: 12    Int: 17    God:
Gold:   141        SH:  0    Dex: 10    Spells: 6/7 levels left

rFire   . . .      SeeInvis .   (no weapon)
rCold   . . .      Faith    .   (no shield)
rNeg    + + .      Spirit   .   a - +0 robe
rPois   ∞          Reflect  .   (no helmet)
rElec   +          Harm     .   (no cloak)
rCorr   .          Rampage  .   (no gloves)
Will    .....                   (no boots)
Stlth   ++........              (no amulet)
HPRegen 0.08/turn               m - ring of positive energy
MPRegen 0.10/turn               (no ring)

@: no status effects
A: sickness immunity, AC +3, negative energy resistance 1, electricity
resistance, torment resistance 1, petrification resistance
a: no special abilities


You were on level 3 of the Dungeon.
You visited 1 branch of the dungeon, and saw 3 of its levels.

You collected 141 gold pieces.

Inventory:

Missiles
 h - 9 poisoned darts
Armour
 a - a +0 robe (worn)
Jewellery
 m - a ring of positive energy (left hand)
Scrolls
 d - a scroll of noise {unknown}
 e - 9 scrolls of identify {unknown}
 f - a scroll of torment {unknown}
 k - 3 scrolls of enchant weapon {unknown}
 l - a scroll of poison {unknown}
Potions
 b - a potion of flight {unknown}
 c - a potion of haste {unknown}
 g - a potion of lignification {unknown}
 i - 3 potions of curing {unknown}
 j - a potion of brilliance {unknown}


   Skills:
 - Level 2.1 Dodging
 - Level 3.0 Stealth
 + Level 2.4 Spellcasting
 - Level 1.4 Transmutations
 + Level 4.1 Earth Magic


You had 6 spell levels left.
You knew the following spells:

 Your Spells              Type           Power      Damage    Failure   Level
a - Sandblast             Erth           32%        2d9       3%          1

Your spell library contained the following spells:

 Spells                   Type           Power      Damage    Failure   Level
 Passwall                 Tmut/Erth      9%         N/A       9%          2
 Stone Arrow              Conj/Erth      18%        3d8       24%         3
 Petrify                  Tmut/Erth      11%        N/A       50%         4
 Animate Armour           Summ/Erth      18%        N/A       61%         4
 Lehudib's Crystal Spear  Conj/Erth      4%         10d3      100%        8


Dungeon Overview and Level Annotations

Branches:
Dungeon (3/15)

Altars:


Innate Abilities, Weirdness & Mutations

You are immune to sickness and miasma.
Your stone body is resilient. (AC +3)
You are immune to poison.
You resist negative energy. (rN+)
You are resistant to electric shocks. (rElec)
You are resistant to unholy torment.
You are immune to petrification.


Message History

There is an escape hatch in the ceiling here.
A mysterious force pulls you upwards. The hatch slams shut behind you.
Done exploring.
There is a stone staircase leading down here.
You climb downwards.
Found a broad axe.
There is a stone staircase leading up here.
The hobgoblin shouts!
Your line of fire to the hobgoblin is blocked by a plant.
Aiming: Sandblast (safe; 3% risk of failure)
Press: ? - help, Q - select action, (/) - cycle Shift-Dir - straight line, f/p - hobgoblin
Aim: a hobgoblin (82% to hit)
Okay, then.
The blast of sand hits the hobgoblin.
The hobgoblin is lightly wounded.
The blast of sand hits the hobgoblin!
You kill the hobgoblin!
Magic restored.
Found 8 stones.
Found a stone staircase leading down.
There is an escape hatch in the ceiling here.
There is an escape hatch in the ceiling here.
You see here 8 stones.
You see here a +0 ring mail.
You see here 9 stones.
Done exploring.
Done exploring.
There is a stone staircase leading down here.
You climb downwards.
Found 7 gold pieces and a sapphire ring.
There is a stone staircase leading up here.
You now have 141 gold pieces (gained 7).
Found an escape hatch in the ceiling.
m - a ring of positive energy A goblin comes into view.
It is wielding a +0 club.
Found a stone staircase leading up.
m - a ring of positive energy (left hand) Are you sure you want to abandon this character and quit the game? (Confirm with "yes".)
Okay, then.
Are you sure you want to abandon this character and quit the game? (Confirm with "yes".)

#.......# ..<.
+.......+ ... ....
#.......#####... .....
#..........#....
....<##...............
..............#.......
......................
#.............#.......
#......@..............
#.........#.<.........
#.......#######.......
#.......+ .......
#.......# #######
#.......# #.......#
#.......g


You could see a goblin (asleep).

Vanquished Creatures
  2 adders (D:2)
  A worm (D:2)
  A dart slug (D:1)
  4 orcs (D:2)
  A bat (D:1)
  3 endoplasms (D:1)
  A giant cockroach (D:2)
  2 goblins
  3 hobgoblins
  5 jackals
  5 kobolds (D:1)
  3 quokkas
  A ball python (D:2)
  2 frilled lizards (D:1)
  2 rats
36 creatures vanquished.

Notes
Turn   | Place    | Note
-------+----------+-------------------------------------------
     0 | D:1      | cheesebisquit the Gargoyle Earth Elementalist began the
                  | quest for the Orb.
     0 | D:1      | Reached XP level 1. HP: 10/10 MP: 3/3
   190 | D:1      | Reached skill level 1 in Transmutations
   190 | D:1      | Reached XP level 2. HP: 15/15 MP: 3/5
   768 | D:1      | Reached XP level 3. HP: 18/19 MP: 4/6
   871 | D:1      | Found a faded altar of an unknown god.
  1032 | D:2      | Reached skill level 4 in Earth Magic
  1274 | D:2      | Reached XP level 4. HP: 24/24 MP: 4/7
  1740 | D:3      | Quit the game

Illustrated notes

Levels and vault maps discovered:
D:1:      minmay_arrival_stone_box, layout_basic,
          hellmonk_ecumenical_altar_blasted
D:2:      cheibrodos_old_hovel, layout_rooms, minmay_stone_trees_small,
          minmay_stone_trees_medium, solitary_fountain
D:3:      minmay_skewed_foursquare, layout_basic, uniq_sigmund

Skill      XL: |  1  2  3 |
---------------+----------+-----
Transmutations | 1 |  1.4
Earth Magic    | 4 |  4.1
Dodging        | 2 |  2.1
Stealth        | 3 |  3.0
Spellcasting   | |  2.4

Action                   |  1- 3 |  4- 6 || total
-------------------------+-------+-------++-------
Melee: Unarmed           |     9 |       ||     9
 Cast: Sandblast         |    45 |     5 ||    50
  Use: Potion            |     1 |       ||     1
Armor: Robe              |     2 |     1 ||     3
Dodge: Dodged            |     7 |       ||     7
